[ AOE2 MATCH · #470510325 ]
UnrankedBohemians vs None
Player's team · LOSS
Rival team · WIN
[ REPLAY ANALYSIS · EXTRACTED FROM THE RECORDED GAME ]
Feudal
—
Castle
—
Imperial
—
| APM avg | 16.2 |
| APM peak | 45 |
| eAPM avg | 5.9 |
| Villagers / military | 0 / 215 |
Focus
⚔️ 96.3% · 🌾 3.7%
Hand Cannoneer ×215
Feudal
—
Castle
—
Imperial
—
| APM avg | 46.4 |
| APM peak | 96 |
| eAPM avg | 12.7 |
| Villagers / military | 0 / 216 |
Focus
⚔️ 93.6% · 🌾 6.4%
Knight ×216
Feudal
—
Castle
—
Imperial
—
| APM avg | 19.0 |
| APM peak | 51 |
| eAPM avg | 10.0 |
| Villagers / military | 0 / 0 |
Focus
⚔️ 100.0% · 🌾 0.0%
Feudal
—
Castle
—
Imperial
—
| APM avg | 41.4 |
| APM peak | 89 |
| eAPM avg | 18.1 |
| Villagers / military | 0 / 535 |
Focus
⚔️ 68.6% · 🌾 31.4%
Archer ×393 · Knight ×106 · Battle Elephant ×36
Feudal
—
Castle
—
Imperial
—
| APM avg | 16.5 |
| APM peak | 47 |
| eAPM avg | 7.1 |
| Villagers / military | 0 / 0 |
Focus
⚔️ 99.4% · 🌾 0.6%
Feudal
—
Castle
—
Imperial
—
| APM avg | 37.4 |
| APM peak | 76 |
| eAPM avg | 19.6 |
| Villagers / military | 0 / 564 |
Focus
⚔️ 97.0% · 🌾 3.0%
Knight ×410 · Cavalry Archer ×154
Feudal
—
Castle
—
Imperial
—
| APM avg | 7.7 |
| APM peak | 23 |
| eAPM avg | 5.9 |
| Villagers / military | 0 / 409 |
Focus
⚔️ 95.6% · 🌾 4.4%
Knight ×409
Feudal
—
Castle
—
Imperial
—
| APM avg | 10.4 |
| APM peak | 49 |
| eAPM avg | 8.1 |
| Villagers / military | 0 / 81 |
Focus
⚔️ 88.4% · 🌾 11.6%
Cavalry Archer ×81
Match map
Initial resources + every placement click. Lines = walls · curves = elevation contours. ◆ gold · ⬟ stone · ● berries · ✦ relic · ◌ wall gap
Your base· Open
xand3's base· Open — unwalled flank
𝚜𝚞𝚗𝚜𝚎𝚝's base· Open — unwalled flank
PinceL.[*]'s base· ✓ Map-separated
Andywans's base· Open — unwalled flank
Champion9482's base· ✓ Map-separated
Avcont's base· Open
FireRocker's base· Open
Smoothed initial terrain · ◌ = detected wall gap · hover for details
Inputs per minute
— matiasg2088 - - xand3
Build order — matiasg2088
91 actions detected in the replay
| 11:37 | Research | Wagenburg Tactics |
| 11:43 | Research | Chain Barding Armor |
| 11:45 | Research | Leather Archer Armor |
| 11:45 | Research | Bodkin Arrow |
| 11:46 | Research | Iron Casting |
| 11:49 | Research | Chemistry |
| 11:51 | Research | Ballistics |
| 11:52 | Research | Treadmill Crane |
| 15:23 | Research | Chain Mail Armor |
| 15:26 | Research | Guard Tower (upgrade) |
| 19:47 | Build | Archery Range |
| 19:48 | Build | Archery Range |
| 19:50 | Build | Archery Range |
| 21:08 | Build | Archery Range |
| 21:10 | Build | Archery Range |
| 21:12 | Build | Archery Range |
| 22:07 | Build | Archery Range |
| 22:09 | Build | Archery Range |
| 22:10 | Build | Archery Range |
| 22:17 | Research | Spies/Treason |
| 22:18 | Research | Hussite Reforms |
| 22:19 | Research | Elite Hussite Wagon (upgrade) |
| 22:20 | Research | Conscription |
| 22:26 | Research | Blast Furnace |
| 22:26 | Research | Plate Mail Armor |
| 22:33 | Research | Siege Engineers |
| 23:29 | Create | Hand Cannoneer ×5 |
| 23:29 | Create | Hand Cannoneer ×5 |
| 23:29 | Create | Hand Cannoneer ×5 |
| 23:30 | Create | Hand Cannoneer ×5 |
| 23:30 | Create | Hand Cannoneer ×5 |
| 23:31 | Create | Hand Cannoneer ×5 |
| 23:31 | Create | Hand Cannoneer ×5 |
| 23:31 | Create | Hand Cannoneer ×5 |
| 23:32 | Create | Hand Cannoneer ×5 |
| 23:32 | Create | Hand Cannoneer ×5 |
| 23:41 | Research | Bracer |
| 23:41 | Research | Ring Archer Armor |
| 23:46 | Research | Bombard Tower (upgrade) |
| 23:46 | Research | Keep (upgrade) |
| 25:37 | Build | Archery Range |
| 25:38 | Build | Archery Range |
| 25:40 | Build | Archery Range |
| 25:44 | Create | Hand Cannoneer ×5 |
| 25:45 | Create | Hand Cannoneer ×5 |
| 25:45 | Create | Hand Cannoneer ×5 |
| 25:47 | Create | Hand Cannoneer ×5 |
| 25:47 | Create | Hand Cannoneer ×5 |
| 25:47 | Create | Hand Cannoneer ×5 |
| 25:48 | Create | Hand Cannoneer ×5 |
| 25:49 | Create | Hand Cannoneer ×5 |
| 25:50 | Create | Hand Cannoneer ×5 |
| 25:50 | Create | Hand Cannoneer ×5 |
| 25:51 | Create | Hand Cannoneer ×5 |
| 25:51 | Create | Hand Cannoneer ×5 |
| 25:51 | Create | Hand Cannoneer ×5 |
| 25:52 | Create | Hand Cannoneer ×5 |
| 26:38 | Build | Archery Range |
| 26:40 | Build | Archery Range |
| 26:42 | Build | Archery Range |
| 26:49 | Create | Hand Cannoneer ×5 |
| 26:53 | Create | Hand Cannoneer ×5 |
| 26:53 | Create | Hand Cannoneer ×5 |
| 26:53 | Create | Hand Cannoneer ×5 |
| 26:54 | Create | Hand Cannoneer ×5 |
| 26:54 | Create | Hand Cannoneer ×5 |
| 26:56 | Create | Hand Cannoneer ×5 |
| 26:57 | Create | Hand Cannoneer ×5 |
| 26:57 | Create | Hand Cannoneer ×5 |
| 28:02 | Build | Archery Range |
| 28:04 | Build | Archery Range |
| 28:05 | Build | Archery Range |
| 28:06 | Build | Archery Range |
| 28:08 | Build | Archery Range |
| 28:11 | Build | Archery Range |
| 28:12 | Build | Archery Range |
| 28:13 | Build | Archery Range |
| 28:13 | Build | Archery Range |
| 28:14 | Build | Archery Range |
| 28:14 | Build | Archery Range |
| 28:15 | Build | Archery Range |
| 28:23 | Create | Hand Cannoneer ×5 |
| 28:23 | Create | Hand Cannoneer ×5 |
| 28:25 | Create | Hand Cannoneer ×5 |
| 28:25 | Create | Hand Cannoneer ×5 |
| 28:25 | Create | Hand Cannoneer ×5 |
| 28:26 | Create | Hand Cannoneer ×5 |
| 28:26 | Create | Hand Cannoneer ×5 |
| 28:27 | Create | Hand Cannoneer ×5 |
| 28:27 | Create | Hand Cannoneer ×5 |
| 28:27 | Create | Hand Cannoneer ×5 |
Build order — xand3
96 actions detected in the replay
| 7:53 | Research | Chain Mail Armor |
| 7:54 | Research | Iron Casting |
| 7:54 | Research | Bodkin Arrow |
| 7:55 | Research | Leather Archer Armor |
| 7:55 | Research | Chain Barding Armor |
| 7:59 | Research | Stronghold |
| 7:59 | Research | Stronghold |
| 19:02 | Build | Stable |
| 19:07 | Build | Stable |
| 19:14 | Research | Plate Mail Armor |
| 19:15 | Research | Blast Furnace |
| 19:18 | Research | Spies/Treason |
| 19:19 | Research | Elite Woad Raider (upgrade) |
| 19:20 | Research | Furor Celtica |
| 19:23 | Research | Conscription |
| 19:23 | Research | Conscription |
| 19:25 | Research | Sappers |
| 19:43 | Build | Stable |
| 19:50 | Research | Cavalier (upgrade) |
| 19:51 | Research | Husbandry |
| 19:51 | Research | Husbandry |
| 20:42 | Create | Knight ×5 |
| 20:42 | Create | Knight ×5 |
| 20:42 | Create | Knight ×5 |
| 20:42 | Create | Knight ×5 |
| 20:43 | Create | Knight ×5 |
| 20:43 | Create | Knight ×3 |
| 20:44 | Create | Knight |
| 20:44 | Create | Knight |
| 20:49 | Build | Stable |
| 21:24 | Build | Stable |
| 21:26 | Build | Stable |
| 21:26 | Build | Stable |
| 21:35 | Build | Stable |
| 21:36 | Build | Stable |
| 21:37 | Build | Stable |
| 21:39 | Build | Stable |
| 21:40 | Build | Stable |
| 21:42 | Build | Stable |
| 21:55 | Create | Knight ×5 |
| 21:56 | Create | Knight ×5 |
| 21:56 | Create | Knight ×5 |
| 21:56 | Create | Knight ×5 |
| 21:56 | Create | Knight ×5 |
| 21:57 | Create | Knight ×5 |
| 21:57 | Create | Knight ×5 |
| 21:57 | Create | Knight |
| 22:37 | Research | Paladin (upgrade) |
| 22:39 | Create | Knight ×5 |
| 22:39 | Create | Knight ×5 |
| 22:39 | Create | Knight ×5 |
| 22:39 | Create | Knight ×5 |
| 22:41 | Create | Knight ×2 |
| 23:31 | Create | Knight ×5 |
| 23:31 | Create | Knight ×5 |
| 23:32 | Create | Knight ×5 |
| 23:32 | Create | Knight ×5 |
| 23:32 | Create | Knight ×3 |
| 23:59 | Create | Knight ×5 |
| 24:08 | Research | Chemistry |
| 24:08 | Research | Ballistics |
| 24:09 | Research | Arrowslits |
| 24:09 | Research | Guard Tower (upgrade) |
| 24:11 | Research | Treadmill Crane |
| 24:12 | Research | Siege Engineers |
| 24:13 | Research | Careening |
| 24:14 | Research | Tech 908 |
| 24:15 | Research | Shipwright |
| 24:44 | Build | Stable |
| 24:45 | Build | Stable |
| 24:46 | Build | Stable |
| 24:54 | Create | Knight ×5 |
| 24:55 | Create | Knight ×5 |
| 24:55 | Create | Knight ×5 |
| 25:36 | Create | Knight ×5 |
| 25:36 | Create | Knight ×5 |
| 25:36 | Create | Knight ×5 |
| 25:36 | Create | Knight |
| 25:44 | Create | Knight ×3 |
| 25:54 | Create | Knight ×5 |
| 25:55 | Create | Knight ×5 |
| 25:55 | Create | Knight ×5 |
| 26:18 | Build | Stable |
| 26:19 | Build | Stable |
| 26:30 | Create | Knight ×5 |
| 26:30 | Create | Knight ×5 |
| 26:30 | Create | Knight ×3 |
| 26:44 | Create | Knight ×5 |
| 26:44 | Create | Knight ×5 |
| 26:45 | Create | Knight ×5 |
| 26:45 | Create | Knight ×5 |
| 26:45 | Create | Knight ×4 |
| 27:09 | Create | Knight ×5 |
| 27:09 | Create | Knight ×5 |
| 27:09 | Create | Knight ×3 |
| 27:09 | Create | Knight |
Build order — 𝚜𝚞𝚗𝚜𝚎𝚝
11 actions detected in the replay
| 15:10 | Research | Iron Casting |
| 15:10 | Research | Bodkin Arrow |
| 15:10 | Research | Leather Archer Armor |
| 15:10 | Research | Leather Archer Armor |
| 15:11 | Research | Chain Mail Armor |
| 15:12 | Research | Ballistics |
| 15:12 | Research | Guard Tower (upgrade) |
| 15:13 | Research | Tech 908 |
| 15:14 | Research | Careening |
| 15:14 | Research | Careening |
| 15:16 | Research | Tech 455 |
Build order — PinceL.[*]
First 150 of 202 actions detected
| 5:06 | Research | Treadmill Crane |
| 5:06 | Research | Ballistics |
| 5:07 | Research | Guard Tower (upgrade) |
| 5:07 | Research | Tech 909 |
| 5:08 | Research | Tech 908 |
| 5:08 | Research | Careening |
| 5:10 | Research | Bodkin Arrow |
| 5:11 | Research | Leather Archer Armor |
| 13:21 | Build | Archery Range |
| 13:22 | Build | Archery Range |
| 13:24 | Build | Archery Range |
| 13:25 | Build | Archery Range |
| 14:00 | Research | Crossbowman (upgrade) |
| 14:00 | Research | Thumb Ring |
| 14:33 | Create | Archer ×5 |
| 14:33 | Create | Archer ×5 |
| 14:34 | Create | Archer ×5 |
| 14:34 | Create | Archer ×5 |
| 14:39 | Create | Archer ×5 |
| 14:39 | Create | Archer ×5 |
| 14:40 | Create | Archer ×4 |
| 15:05 | Create | Archer ×2 |
| 15:28 | Create | Archer ×5 |
| 15:29 | Create | Archer ×5 |
| 15:29 | Create | Archer ×5 |
| 15:29 | Create | Archer |
| 15:31 | Create | Archer |
| 15:49 | Build | Archery Range |
| 15:50 | Build | Archery Range |
| 15:52 | Build | Archery Range |
| 15:53 | Build | Archery Range |
| 16:02 | Build | Stable |
| 16:03 | Build | Stable |
| 16:04 | Build | Stable |
| 16:06 | Build | Stable |
| 16:11 | Build | Archery Range |
| 16:12 | Build | Archery Range |
| 16:14 | Build | Archery Range |
| 16:15 | Build | Archery Range |
| 16:21 | Create | Archer ×5 |
| 16:21 | Create | Archer ×5 |
| 16:22 | Create | Archer ×5 |
| 16:22 | Create | Archer ×5 |
| 16:22 | Create | Archer ×4 |
| 16:23 | Create | Archer |
| 16:23 | Create | Archer |
| 17:12 | Create | Archer ×5 |
| 17:12 | Create | Archer ×5 |
| 17:12 | Create | Archer ×5 |
| 17:13 | Create | Archer ×5 |
| 17:13 | Create | Archer ×5 |
| 17:15 | Create | Archer |
| 17:16 | Create | Archer |
| 17:17 | Create | Archer |
| 17:28 | Create | Archer ×5 |
| 17:28 | Create | Archer ×5 |
| 17:29 | Create | Archer ×5 |
| 17:50 | Create | Archer ×5 |
| 17:51 | Create | Archer ×5 |
| 17:51 | Create | Archer |
| 17:55 | Create | Archer |
| 18:08 | Create | Archer |
| 18:08 | Create | Archer |
| 18:10 | Create | Archer |
| 18:10 | Create | Archer |
| 18:12 | Create | Archer |
| 18:12 | Create | Archer |
| 18:32 | Research | Husbandry |
| 18:33 | Research | Light Cavalry (upgrade) |
| 18:34 | Create | Knight ×5 |
| 18:35 | Create | Knight ×5 |
| 18:35 | Create | Knight ×3 |
| 18:44 | Create | Archer ×5 |
| 18:45 | Create | Archer |
| 18:45 | Create | Archer |
| 19:04 | Create | Archer ×5 |
| 19:05 | Create | Archer |
| 19:05 | Create | Archer |
| 19:05 | Create | Archer |
| 19:08 | Create | Archer |
| 19:16 | Create | Archer |
| 19:17 | Create | Archer |
| 19:29 | Create | Archer ×5 |
| 19:30 | Create | Archer ×5 |
| 19:30 | Create | Archer ×5 |
| 19:30 | Create | Archer ×5 |
| 19:31 | Create | Archer |
| 19:32 | Create | Archer |
| 19:35 | Create | Archer |
| 19:35 | Create | Archer |
| 19:42 | Create | Knight ×2 |
| 19:42 | Create | Knight ×2 |
| 20:08 | Create | Archer ×5 |
| 20:08 | Create | Archer ×5 |
| 20:08 | Create | Archer ×5 |
| 20:09 | Create | Archer ×3 |
| 20:10 | Create | Archer |
| 20:11 | Create | Archer |
| 20:17 | Create | Archer ×5 |
| 20:21 | Create | Archer |
| 20:25 | Create | Archer ×2 |
| 20:25 | Create | Archer ×2 |
| 20:26 | Create | Archer |
| 20:26 | Create | Archer |
| 20:27 | Create | Archer |
| 20:28 | Create | Archer |
| 20:51 | Create | Knight ×5 |
| 20:52 | Create | Knight ×5 |
| 20:52 | Create | Knight ×5 |
| 20:52 | Create | Knight ×5 |
| 20:57 | Create | Archer ×4 |
| 21:24 | Create | Archer ×5 |
| 21:24 | Create | Archer |
| 21:40 | Create | Knight ×5 |
| 21:41 | Create | Knight ×5 |
| 21:41 | Create | Knight ×5 |
| 21:41 | Create | Knight ×5 |
| 21:41 | Create | Knight ×3 |
| 22:38 | Create | Knight ×4 |
| 22:38 | Create | Knight ×4 |
| 22:41 | Create | Knight ×2 |
| 22:43 | Create | Archer ×5 |
| 22:43 | Create | Archer ×5 |
| 22:43 | Create | Archer ×5 |
| 22:44 | Create | Archer ×5 |
| 22:44 | Create | Archer ×5 |
| 22:44 | Create | Archer ×5 |
| 23:12 | Create | Archer ×5 |
| 23:12 | Create | Archer ×5 |
| 23:13 | Create | Archer ×5 |
| 23:13 | Create | Archer ×5 |
| 23:13 | Create | Archer ×5 |
| 23:17 | Create | Knight ×3 |
| 23:22 | Create | Knight |
| 23:44 | Create | Archer ×5 |
| 23:45 | Create | Archer ×2 |
| 23:47 | Create | Archer |
| 23:50 | Create | Archer ×5 |
| 23:50 | Create | Archer ×5 |
| 23:51 | Create | Archer ×5 |
| 23:51 | Create | Archer ×5 |
| 23:51 | Create | Archer ×3 |
| 24:21 | Create | Knight ×5 |
| 24:21 | Create | Knight ×5 |
| 24:21 | Create | Knight ×5 |
| 24:22 | Create | Knight ×5 |
| 24:22 | Create | Knight |
| 24:22 | Create | Knight |
| 24:56 | Create | Archer ×5 |
| 24:57 | Create | Archer ×5 |
Build order — Andywans
30 actions detected in the replay
| 9:40 | Research | Leather Archer Armor |
| 9:40 | Research | Chain Barding Armor |
| 9:41 | Research | Bodkin Arrow |
| 9:42 | Research | Iron Casting |
| 9:42 | Research | Chain Mail Armor |
| 9:46 | Research | Ballistics |
| 9:46 | Research | Treadmill Crane |
| 9:47 | Research | Guard Tower (upgrade) |
| 9:47 | Research | Tech 909 |
| 9:48 | Research | Tech 908 |
| 9:49 | Research | Careening |
| 18:55 | Research | Ring Archer Armor |
| 18:57 | Research | Plate Barding Armor |
| 18:57 | Research | Bracer |
| 18:58 | Research | Blast Furnace |
| 18:59 | Research | Plate Mail Armor |
| 19:01 | Research | Chemistry |
| 19:02 | Research | Keep (upgrade) |
| 19:03 | Research | Siege Engineers |
| 19:21 | Research | Elite Organ Gun (upgrade) |
| 19:22 | Research | Conscription |
| 19:22 | Research | Arquebus |
| 19:23 | Research | Spies/Treason |
| 19:25 | Research | Tech 1404 |
| 19:25 | Research | Sappers |
| 21:34 | Research | Bombard Tower (upgrade) |
| 21:35 | Research | Keep (upgrade) |
| 21:36 | Research | Siege Engineers |
| 21:37 | Research | Dry Dock |
| 21:37 | Research | Tech 907 |
Build order — Champion9482
First 150 of 181 actions detected
| 10:44 | Build | Stone Wall |
| 12:09 | Build | Stable |
| 12:10 | Build | Stable |
| 12:12 | Build | Stable |
| 12:14 | Build | Stable |
| 12:23 | Build | Archery Range |
| 12:26 | Build | Archery Range |
| 12:29 | Build | Archery Range |
| 12:32 | Build | Archery Range |
| 12:34 | Build | Archery Range |
| 13:23 | Research | Iron Casting |
| 13:24 | Research | Chain Mail Armor |
| 13:24 | Research | Chain Barding Armor |
| 13:25 | Research | Leather Archer Armor |
| 13:28 | Research | Guard Tower (upgrade) |
| 13:29 | Research | Ballistics |
| 13:29 | Research | Tech 909 |
| 13:30 | Research | Treadmill Crane |
| 13:31 | Research | Tech 908 |
| 14:51 | Research | Light Cavalry (upgrade) |
| 14:52 | Research | Husbandry |
| 14:54 | Research | Burgundian Vineyards |
| 14:57 | Research | Cavalier (upgrade) |
| 15:10 | Research | Crossbowman (upgrade) |
| 15:10 | Research | Elite Skirmisher (upgrade) |
| 15:29 | Create | Knight ×5 |
| 15:29 | Create | Knight ×5 |
| 15:30 | Create | Knight ×5 |
| 15:30 | Create | Knight ×5 |
| 15:30 | Create | Knight ×5 |
| 15:31 | Create | Knight ×5 |
| 17:16 | Create | Cavalry Archer ×5 |
| 17:17 | Create | Cavalry Archer ×5 |
| 17:17 | Create | Cavalry Archer ×5 |
| 17:17 | Create | Cavalry Archer ×5 |
| 17:18 | Create | Cavalry Archer ×5 |
| 17:18 | Create | Cavalry Archer ×5 |
| 17:19 | Create | Cavalry Archer ×5 |
| 17:20 | Create | Cavalry Archer ×5 |
| 17:20 | Create | Cavalry Archer ×5 |
| 17:21 | Create | Cavalry Archer ×5 |
| 17:21 | Create | Cavalry Archer ×5 |
| 17:22 | Create | Cavalry Archer ×5 |
| 17:23 | Create | Cavalry Archer ×5 |
| 17:23 | Create | Cavalry Archer ×5 |
| 17:23 | Create | Cavalry Archer ×5 |
| 17:27 | Create | Knight ×5 |
| 17:28 | Create | Knight ×5 |
| 17:28 | Create | Knight ×5 |
| 17:29 | Create | Knight ×5 |
| 17:29 | Create | Knight ×5 |
| 17:30 | Create | Knight ×5 |
| 17:30 | Create | Knight ×5 |
| 17:44 | Build | Stable |
| 17:48 | Build | Stable |
| 17:51 | Build | Stable |
| 17:54 | Build | Stable |
| 19:18 | Create | Knight ×5 |
| 19:18 | Create | Knight ×5 |
| 19:19 | Create | Knight ×5 |
| 19:19 | Create | Knight ×5 |
| 19:48 | Create | Knight |
| 19:49 | Create | Knight ×5 |
| 19:49 | Create | Knight ×5 |
| 19:50 | Create | Knight ×5 |
| 19:50 | Create | Knight ×5 |
| 19:59 | Research | Hussar (upgrade) |
| 20:02 | Research | Paladin (upgrade) |
| 20:11 | Research | Spies/Treason |
| 20:11 | Research | Conscription |
| 20:12 | Research | Sappers |
| 20:26 | Research | Blast Furnace |
| 20:27 | Research | Plate Barding Armor |
| 20:28 | Research | Plate Mail Armor |
| 20:29 | Research | Bodkin Arrow |
| 20:32 | Research | Chemistry |
| 20:32 | Research | Arrowslits |
| 20:33 | Research | Keep (upgrade) |
| 20:34 | Research | Tech 910 |
| 20:34 | Research | Careening |
| 20:37 | Research | Tech 907 |
| 20:40 | Create | Knight ×5 |
| 20:40 | Create | Knight ×2 |
| 20:40 | Create | Knight ×5 |
| 20:41 | Create | Knight ×2 |
| 20:41 | Create | Knight ×5 |
| 20:42 | Create | Knight ×5 |
| 20:43 | Create | Knight ×4 |
| 20:44 | Create | Knight ×5 |
| 20:45 | Create | Knight ×5 |
| 20:45 | Create | Knight ×2 |
| 20:46 | Create | Knight ×5 |
| 20:46 | Create | Knight ×5 |
| 21:04 | Build | Stable |
| 21:08 | Build | Stable |
| 21:10 | Build | Stable |
| 21:13 | Build | Stable |
| 21:16 | Build | Stable |
| 21:23 | Create | Cavalry Archer ×5 |
| 21:23 | Create | Cavalry Archer ×5 |
| 21:24 | Create | Cavalry Archer ×5 |
| 21:24 | Create | Cavalry Archer ×5 |
| 21:25 | Create | Cavalry Archer ×5 |
| 21:26 | Create | Cavalry Archer ×5 |
| 21:26 | Create | Cavalry Archer ×3 |
| 22:49 | Create | Cavalry Archer ×3 |
| 22:49 | Create | Cavalry Archer ×3 |
| 22:50 | Create | Cavalry Archer ×3 |
| 22:51 | Create | Cavalry Archer ×3 |
| 22:53 | Create | Cavalry Archer ×5 |
| 22:53 | Create | Cavalry Archer ×5 |
| 22:54 | Create | Cavalry Archer ×5 |
| 24:16 | Create | Cavalry Archer ×3 |
| 24:17 | Create | Cavalry Archer |
| 24:18 | Create | Cavalry Archer ×3 |
| 24:18 | Create | Cavalry Archer ×3 |
| 24:19 | Create | Cavalry Archer |
| 24:19 | Create | Cavalry Archer ×4 |
| 24:20 | Create | Cavalry Archer |
| 24:22 | Create | Cavalry Archer ×3 |
| 25:38 | Create | Knight ×5 |
| 25:38 | Create | Knight ×5 |
| 25:39 | Create | Knight ×5 |
| 25:39 | Create | Knight ×5 |
| 25:39 | Create | Knight ×5 |
| 25:40 | Create | Knight ×5 |
| 25:40 | Create | Knight ×5 |
| 25:41 | Create | Knight ×5 |
| 25:41 | Create | Knight ×5 |
| 25:42 | Create | Knight ×5 |
| 25:42 | Create | Knight ×5 |
| 25:53 | Research | Bracer |
| 25:59 | Create | Knight ×5 |
| 26:00 | Create | Knight ×5 |
| 26:01 | Create | Knight ×5 |
| 26:01 | Create | Knight ×5 |
| 26:02 | Create | Knight ×5 |
| 26:02 | Create | Knight ×5 |
| 26:03 | Create | Knight ×5 |
| 26:03 | Create | Knight ×5 |
| 26:04 | Create | Knight ×5 |
| 26:05 | Create | Knight ×5 |
| 26:05 | Create | Knight ×5 |
| 26:06 | Create | Knight ×5 |
| 26:06 | Create | Knight ×5 |
| 26:07 | Create | Knight ×5 |
| 26:07 | Create | Knight ×5 |
| 26:08 | Create | Knight ×5 |
| 26:08 | Create | Knight ×5 |
| 28:32 | Build | Siege Workshop |
Build order — Avcont
111 actions detected in the replay
| 10:19 | Research | Iron Casting |
| 10:20 | Research | Chain Mail Armor |
| 10:21 | Research | Chain Barding Armor |
| 10:21 | Research | Leather Archer Armor |
| 10:23 | Research | Bodkin Arrow |
| 10:27 | Research | Ballistics |
| 10:28 | Research | Guard Tower (upgrade) |
| 10:29 | Research | Tech 908 |
| 10:29 | Research | Careening |
| 15:37 | Build | Stone Wall |
| 17:12 | Build | Stable |
| 17:14 | Build | Stable |
| 17:16 | Build | Stable |
| 17:18 | Build | Stable |
| 17:21 | Build | Stable |
| 17:23 | Build | Stable |
| 17:25 | Build | Stable |
| 17:28 | Build | Stable |
| 17:33 | Build | Stable |
| 17:35 | Build | Stable |
| 17:39 | Build | Stable |
| 17:41 | Build | Stable |
| 17:46 | Build | Stable |
| 17:50 | Build | Stable |
| 17:55 | Build | Stable |
| 18:17 | Research | Husbandry |
| 19:42 | Create | Knight ×5 |
| 19:42 | Create | Knight ×5 |
| 19:43 | Create | Knight ×5 |
| 19:43 | Create | Knight ×5 |
| 19:44 | Create | Knight ×5 |
| 19:44 | Create | Knight ×5 |
| 19:44 | Create | Knight ×5 |
| 19:45 | Create | Knight ×5 |
| 19:45 | Create | Knight ×5 |
| 19:46 | Create | Knight ×5 |
| 19:46 | Create | Knight ×5 |
| 20:43 | Create | Knight ×5 |
| 20:43 | Create | Knight ×5 |
| 20:44 | Create | Knight ×5 |
| 20:44 | Create | Knight ×5 |
| 20:44 | Create | Knight ×5 |
| 20:44 | Create | Knight ×5 |
| 23:07 | Create | Knight ×5 |
| 23:08 | Create | Knight ×5 |
| 23:08 | Create | Knight ×5 |
| 23:08 | Create | Knight ×5 |
| 23:09 | Create | Knight ×5 |
| 23:09 | Create | Knight ×5 |
| 23:09 | Create | Knight ×5 |
| 23:09 | Create | Knight ×5 |
| 23:10 | Create | Knight ×5 |
| 23:10 | Create | Knight ×5 |
| 23:11 | Create | Knight ×5 |
| 23:11 | Create | Knight ×5 |
| 23:11 | Create | Knight ×5 |
| 23:11 | Create | Knight ×5 |
| 24:22 | Create | Knight ×5 |
| 24:22 | Create | Knight ×5 |
| 24:23 | Create | Knight ×5 |
| 24:23 | Create | Knight ×5 |
| 24:23 | Create | Knight ×5 |
| 24:23 | Create | Knight ×5 |
| 24:24 | Create | Knight ×5 |
| 24:24 | Create | Knight ×3 |
| 25:08 | Create | Knight ×5 |
| 25:09 | Create | Knight ×5 |
| 25:09 | Create | Knight ×5 |
| 25:09 | Create | Knight ×5 |
| 25:10 | Create | Knight ×5 |
| 25:10 | Create | Knight ×4 |
| 25:10 | Create | Knight ×4 |
| 26:23 | Create | Knight ×5 |
| 26:23 | Create | Knight ×5 |
| 26:24 | Create | Knight ×5 |
| 26:24 | Create | Knight ×5 |
| 26:24 | Create | Knight ×5 |
| 26:25 | Create | Knight ×5 |
| 26:25 | Create | Knight ×5 |
| 26:25 | Create | Knight ×5 |
| 26:25 | Create | Knight ×5 |
| 26:26 | Create | Knight ×5 |
| 26:26 | Create | Knight ×5 |
| 26:26 | Create | Knight ×5 |
| 26:26 | Create | Knight |
| 26:45 | Create | Knight ×5 |
| 26:45 | Create | Knight ×5 |
| 26:45 | Create | Knight ×5 |
| 26:46 | Create | Knight ×5 |
| 26:46 | Create | Knight ×5 |
| 26:46 | Create | Knight ×5 |
| 26:47 | Create | Knight ×5 |
| 26:47 | Create | Knight ×2 |
| 27:30 | Build | Stone Wall |
| 28:13 | Create | Knight ×5 |
| 28:13 | Create | Knight ×5 |
| 28:14 | Create | Knight ×5 |
| 28:14 | Create | Knight ×5 |
| 28:14 | Create | Knight ×5 |
| 28:14 | Create | Knight ×5 |
| 28:15 | Create | Knight ×5 |
| 28:15 | Create | Knight ×5 |
| 28:15 | Create | Knight ×5 |
| 28:16 | Create | Knight ×5 |
| 28:16 | Create | Knight ×5 |
| 28:16 | Create | Knight ×5 |
| 28:17 | Create | Knight ×5 |
| 28:57 | Create | Knight ×5 |
| 28:57 | Create | Knight ×5 |
| 28:57 | Create | Knight ×5 |
| 28:58 | Create | Knight ×5 |
Build order — FireRocker
133 actions detected in the replay
| 11:57 | Research | Iron Casting |
| 11:58 | Research | Chain Mail Armor |
| 12:01 | Research | Bodkin Arrow |
| 12:01 | Research | Leather Archer Armor |
| 12:03 | Research | Chain Barding Armor |
| 12:07 | Research | Guard Tower (upgrade) |
| 12:08 | Research | Ballistics |
| 12:09 | Research | Treadmill Crane |
| 12:10 | Research | Tech 908 |
| 12:10 | Research | Careening |
| 12:14 | Research | Yasama |
| 20:48 | Build | Archery Range |
| 20:51 | Build | Archery Range |
| 20:53 | Build | Archery Range |
| 20:58 | Build | Archery Range |
| 21:34 | Research | Elite Skirmisher (upgrade) |
| 21:34 | Research | Heavy Cavalry Archer (upgrade) |
| 21:35 | Research | Parthian Tactics |
| 21:36 | Research | Thumb Ring |
| 21:53 | Create | Cavalry Archer |
| 21:53 | Create | Cavalry Archer |
| 21:54 | Create | Cavalry Archer |
| 21:54 | Create | Cavalry Archer |
| 21:54 | Create | Cavalry Archer |
| 21:54 | Create | Cavalry Archer |
| 21:55 | Create | Cavalry Archer |
| 21:55 | Create | Cavalry Archer |
| 21:55 | Create | Cavalry Archer |
| 21:56 | Create | Cavalry Archer |
| 21:56 | Create | Cavalry Archer |
| 21:56 | Create | Cavalry Archer |
| 22:00 | Create | Cavalry Archer |
| 22:00 | Create | Cavalry Archer |
| 22:00 | Create | Cavalry Archer |
| 22:00 | Create | Cavalry Archer |
| 22:01 | Create | Cavalry Archer |
| 22:01 | Create | Cavalry Archer |
| 22:01 | Create | Cavalry Archer |
| 22:02 | Create | Cavalry Archer |
| 22:02 | Create | Cavalry Archer |
| 22:02 | Create | Cavalry Archer |
| 22:03 | Create | Cavalry Archer |
| 22:03 | Create | Cavalry Archer |
| 22:03 | Create | Cavalry Archer |
| 22:04 | Create | Cavalry Archer |
| 22:04 | Create | Cavalry Archer |
| 22:04 | Create | Cavalry Archer |
| 24:29 | Build | Watch Tower |
| 24:30 | Build | Watch Tower |
| 24:32 | Build | Watch Tower |
| 24:34 | Build | Watch Tower |
| 24:36 | Build | Watch Tower |
| 24:37 | Build | Watch Tower |
| 24:39 | Build | Watch Tower |
| 24:40 | Build | Watch Tower |
| 24:42 | Build | Watch Tower |
| 24:44 | Build | Watch Tower |
| 24:46 | Build | Watch Tower |
| 24:49 | Build | Watch Tower |
| 24:51 | Build | Watch Tower |
| 24:52 | Build | Watch Tower |
| 24:53 | Build | Palisade Gate |
| 25:24 | Create | Cavalry Archer |
| 25:24 | Create | Cavalry Archer |
| 25:24 | Create | Cavalry Archer |
| 25:25 | Create | Cavalry Archer |
| 25:25 | Create | Cavalry Archer |
| 25:25 | Create | Cavalry Archer |
| 25:26 | Create | Cavalry Archer |
| 25:26 | Create | Cavalry Archer |
| 25:26 | Create | Cavalry Archer |
| 25:26 | Create | Cavalry Archer |
| 25:27 | Create | Cavalry Archer |
| 25:27 | Create | Cavalry Archer |
| 25:27 | Create | Cavalry Archer |
| 25:28 | Create | Cavalry Archer |
| 25:28 | Create | Cavalry Archer |
| 25:28 | Create | Cavalry Archer |
| 25:29 | Create | Cavalry Archer |
| 25:29 | Create | Cavalry Archer |
| 25:29 | Create | Cavalry Archer |
| 25:30 | Create | Cavalry Archer |
| 25:30 | Create | Cavalry Archer |
| 25:30 | Create | Cavalry Archer |
| 25:31 | Create | Cavalry Archer |
| 25:31 | Create | Cavalry Archer |
| 25:31 | Create | Cavalry Archer |
| 25:32 | Create | Cavalry Archer |
| 25:32 | Create | Cavalry Archer |
| 25:32 | Create | Cavalry Archer |
| 25:33 | Create | Cavalry Archer |
| 25:33 | Create | Cavalry Archer |
| 25:33 | Create | Cavalry Archer |
| 25:34 | Create | Cavalry Archer |
| 25:34 | Create | Cavalry Archer |
| 25:34 | Create | Cavalry Archer |
| 25:35 | Create | Cavalry Archer |
| 25:35 | Create | Cavalry Archer |
| 25:35 | Create | Cavalry Archer |
| 25:36 | Create | Cavalry Archer |
| 25:36 | Create | Cavalry Archer |
| 25:36 | Create | Cavalry Archer |
| 25:37 | Create | Cavalry Archer |
| 25:37 | Create | Cavalry Archer |
| 26:49 | Create | Cavalry Archer |
| 26:49 | Create | Cavalry Archer |
| 26:50 | Create | Cavalry Archer |
| 26:50 | Create | Cavalry Archer |
| 26:50 | Create | Cavalry Archer |
| 26:51 | Create | Cavalry Archer |
| 26:51 | Create | Cavalry Archer |
| 26:51 | Create | Cavalry Archer |
| 26:51 | Create | Cavalry Archer |
| 26:52 | Create | Cavalry Archer |
| 26:55 | Create | Cavalry Archer |
| 27:38 | Research | Bracer |
| 27:39 | Research | Ring Archer Armor |
| 27:39 | Research | Plate Mail Armor |
| 27:40 | Research | Blast Furnace |
| 27:43 | Research | Chemistry |
| 27:44 | Research | Arrowslits |
| 27:46 | Research | Siege Engineers |
| 27:47 | Research | Keep (upgrade) |
| 27:48 | Research | Shipwright |
| 27:48 | Research | Tech 907 |
| 27:49 | Research | Dry Dock |
| 27:56 | Research | Kataparuto |
| 27:57 | Research | Conscription |
| 27:58 | Research | Spies/Treason |
| 27:59 | Research | Elite Samurai (upgrade) |
| 28:45 | Build | Watch Tower |
| 28:47 | Build | Watch Tower |
| 28:49 | Build | Watch Tower |
Match timeline
| 10:44 | Champion9482 · wall_segment Stone Wall x19 |
| 12:09 | Champion9482 · first_building Stable |
| 12:23 | Champion9482 · first_building Archery Range |
| 13:21 | PinceL.[*] · first_building Archery Range |
| 15:37 | Avcont · wall_segment Stone Wall x11 |
| 16:02 | PinceL.[*] · first_building Stable |
| 17:12 | Avcont · first_building Stable |
| 19:02 | xand3 · first_building Stable |
| 19:47 | matiasg2088 · first_building Archery Range |
| 20:48 | FireRocker · first_building Archery Range |
| 22:30 | Andywans · resign |
| 27:30 | Avcont · wall_segment Stone Wall x29 |
| 28:32 | Champion9482 · first_building Siege Workshop |
[ AI ANALYSIS · 1 CREDIT ]
What really happened in this match?
Wolo.gg analyzes every decision: build order, eco, micro, common mistakes by bracket. Personalized analysis on WhatsApp or Discord in 30 seconds.
Civ guide
Bohemians
Perfil
Jugador #2074670